 Dungeon Crawl Stone Soup version 0.27.1-15-g792fb953b9 (webtiles) character file.

Game seed: 5068350750520169238

2416 bearlyready the Skirmisher (level 9, -6/71 HPs)
             Began as a Djinni Fire Elementalist on Nov 19, 2021.
             Was a Follower of Ashenzari.
             Shot with a bolt by an orc warrior (18 damage)
             ... in a bailey.
             The game lasted 00:17:44 (9871 turns).

bearlyready the Skirmisher (DjFE)                   Turns: 9871, Time: 00:17:44

Health: -6/71      AC:  2    Str:  7    XL:     9   Next: 76%
Gold:   176        EV: 12    Int: 29    God:    Ashenzari [*.....] SH:  0 Dex:  8

rFire    + + .     SeeInvis +   d - +1 dagger "Per Aspera Ad Scientiam" {venom, Cun, Self} (curse)
rCold    x . .     Faith    .   (no shield)
rNeg     . . .     Spirit   .   a - +0 robe of Ashenzari's Gnosis {Melee, Self} (curse)
rPois    ∞         Reflect  .   (no helmet)
rElec    .         Harm     .   (no cloak)
rCorr    .         Rampage  .   (no gloves)
Will     +....                  (boots unavailable)
Stlth    +++.......             (no amulet)
HPRegen  0.21/turn              z - ring "Ohonatit" {Wiz Will+ Int+8 Dex-5 SInv}
MPRegen  0.00/turn              (no ring)

@: flying
A: sickness immunity, fire resistance 2, cold vulnerability 1, float, innate
caster, hp casting, extra vitality 1
a: Renounce Religion, Curse Item, Shatter the Chains


You were in a bailey.
You worshipped Ashenzari.
Ashenzari was aware of your devotion.
You visited 1 branch of the dungeon, and saw 7 of its levels.
You also visited: Bailey.

You collected 258 gold pieces.
You spent 82 gold pieces at shops.

Inventory:

Hand Weapons
 b - a +0 rapier
 c - a +0 dagger
 d - the cursed +1 dagger "Per Aspera Ad Scientiam" (weapon) {venom, Cun, Self}
   (You took it off a kobold on level 1 of the Dungeon)

   It poisons the flesh of those it strikes.
   It has a curse which improves the following skills: Cunning: Dodging and
   Stealth.
   Introspection: Fighting and Spellcasting.
Missiles
 h - 45 poisoned darts
Armour
 a - the cursed +0 robe of Ashenzari's Gnosis (worn) {Melee, Self}

   It has a curse which improves the following skills: Melee Combat: Short
   Blades, Long Blades, Axes, Maces & Flails, Polearms, Staves and Unarmed
   Combat.
   Introspection: Fighting and Spellcasting.
 s - a +1 robe of willpower
Magical Staves
 p - a staff of air
 r - a staff of death
Jewellery
 z - the ring "Ohonatit" (left hand) {Wiz Will+ Int+8 Dex-5 SInv}
   (You found it on level 6 of the Dungeon)

   [ring of wizardry]

   It improves your spell success rate.
   Int:       It affects your intelligence (+8).
   Dex:       It affects your dexterity (-5).
   SInv:      It lets you see invisible.
   Will:      It increases your willpower.
Wands
 t - a wand of charming (8)
 y - a wand of mindburst (20)
Scrolls
 f - 2 scrolls of teleportation
 g - a scroll of magic mapping
 l - a scroll of brand weapon
 o - 2 scrolls of silence
 q - 2 scrolls of enchant armour
 v - 2 scrolls of blinking
 w - a scroll of fear
 B - a scroll of enchant weapon
Potions
 e - a potion of mutation
 i - a potion of heal wounds
 j - 4 potions of curing
 k - 2 potions of might
 m - a potion of brilliance
 n - 3 potions of cancellation
 x - a potion of experience
 A - a potion of haste


   Skills:
 + Level 7.0(8.7) Fighting
 - Level 4.0(5.0) Short Blades
 - Level 2.5(3.4) Dodging
 - Level 4.2(5.1) Stealth
 + Level 5.9(7.5) Spellcasting
 - Level 3.0 Evocations


You couldn't memorise any spells.
You knew the following spells:

 Your Spells              Type           Power      Damage    Failure   Level
a - Foxfire               Conj/Fire      100%       2x1d9     1%          1
b - Conjure Flame         Conj/Fire      53%        6-21      1%          3
c - Inner Flame           Hex/Fire       53%        N/A       1%          3
d - Sticky Flame          Conj/Fire      53%        2d7       1%          4
e - Fireball              Conj/Fire      26%        3d12      2%          5
f - Sandblast             Erth           100%       2d20      1%          1
g - Slow                  Hex            53%        N/A       1%          2
h - Searing Ray           Conj           100%       3d7       1%          2
i - Fulminant Prism       Conj/Hex       26%        3d14      1%          4
Your spell library was empty.

Dungeon Overview and Level Annotations

Branches:
Dungeon (7/15)             Temple (0/1) D:5          Bailey (1/1)

Altars:
Ashenzari
Elyvilon
Hepliaklqana
Qazlal
Trog
Uskayaw

Shops:
D:3 *   D:5 :

Annotations:
D:7 Joseph


Innate Abilities, Weirdness & Mutations

You are immune to sickness and miasma.
You are immune to poison.
Your flesh is very heat resistant. (rF++)
You are vulnerable to cold. (rC-)
You float through the air rather than walking.
You learn spells naturally, not from books.
Your magical power is your life essence.
You have superior vitality. (+4 HP)


Message History

Your foxfire dissipates! x2
You start resting.
An orc comes into view. It is wielding a +0 arbalest.
Casting: Foxfire (safe; 1% risk of failure)
Press: ? - help, Q - select action, (/) - cycle Dir - look around, f - activate You conjure some foxfire!
* * * LOW HITPOINT WARNING * * *
Casting: Foxfire (safe; 1% risk of failure)
Press: ? - help, Q - select action, (/) - cycle Dir - look around, f - activate You conjure some foxfire!
* * * LOW HITPOINT WARNING * * *
The foxfire hits the orc!
You kill the orc!
You hear a splash. x3
You start resting.
Your foxfire dissipates!
You start resting.
Your foxfire dissipates!
You start resting.
An orc warrior comes into view. It is wielding a +0 arbalest.
There is a gate leading back out of this place here.
You start resting.
An orc warrior is nearby!
Aiming: Mindburst
Press: ? - help, Shift-Dir - straight line, f - orc warrior
Aim: an orc warrior, wielding a +0 arbalest, wearing a +0 ring mail and quivering bolts (moderately wounded, chance to affect: 77%)
The orc warrior barely resists.
The orc warrior shoots a bolt.
The bolt hits you!
* * * LOW HITPOINT WARNING * * *
Aiming: Mindburst
Press: ? - help, Shift-Dir - straight line, f/p - orc warrior
Aim: an orc warrior, wielding a +0 arbalest, wearing a +0 ring mail and quivering bolts (moderately wounded, chance to affect: 77%)
The orc warrior's mind is blasted!!
The orc warrior shoots a bolt.
The bolt closely misses you.
Aiming: Mindburst
Press: ? - help, Shift-Dir - straight line, f/p - orc warrior
Aim: an orc warrior, wielding a +0 arbalest, wearing a +0 ring mail and quivering bolts (almost dead, chance to affect: 77%)
The orc warrior barely resists.
The orc warrior shoots a bolt.
The bolt hits you!!
You die...

##################
................@#
...............∩.#
.................#
.................#
.................#
.........o.......#
≈≈≈≈≈≈≈≈≈≈≈......#
≈≈≈≈≈≈#.#≈≈......#
≈≈≈≈≈##.##≈......#


You could see an orc warrior.

Vanquished Creatures
  Pikel (D:4)
  An unseen horror (D:7)
  2 orc warriors (Bailey)
  An ice beast (D:6)
  A sky beast (D:4)
  A black bear (D:6)
  An ogre (D:4)
  3 lemures (D:3)
  A phantom (D:4)
  A bullfrog (D:7)
  3 scorpions
  2 water moccasin skeletons
  3 hounds
  A bullfrog skeleton (D:6)
  A gnoll shaman (D:6)
  2 jellies (D:6)
  A scorpion zombie (D:5)
  6 iguanas
  3 orc wizards (D:7)
  2 hound skeletons
  9 adders
  6 gnolls
  A white imp (D:6)
  An ufetubus (D:6)
  2 dart slugs
  11 orcs
  8 bats
  12 endoplasms
  3 giant cockroaches
  7 goblins
  6 hobgoblins
  2 jackals (D:3)
  3 quokkas
  9 ball pythons
  6 frilled lizards
  4 kobolds
  5 rats
132 creatures vanquished.

Vanquished Creatures (collateral kills)
  A foxfire (D:2)
1 creature vanquished.

Vanquished Creatures (others)
  221 foxfires
  A fulminant prism (D:6)
  A plant (D:1)
223 creatures vanquished.

Grand Total: 356 creatures vanquished

Notes
Turn   | Place    | Note
-------+----------+-------------------------------------------
     0 | D:1      | bearlyready the Djinni Fire Elementalist began the quest
                  | for the Orb.
     0 | D:1      | Reached XP level 1. HP: 15/15 MP: 0/0
   134 | D:1      | Reached skill level 1 in Fighting
   134 | D:1      | Reached XP level 2. HP: 14/22 MP: 0/0
   693 | D:1      | Reached XP level 3. HP: 27/27 MP: 0/0
   693 | D:1      | Learned a level 1 spell: Sandblast
  1905 | D:2      | Reached skill level 2 in Fighting
  1905 | D:2      | Reached skill level 1 in Short Blades
  1905 | D:2      | Reached XP level 4. HP: 19/33 MP: 0/0
  2074 | D:2      | Found a faded altar of an unknown god.
  2920 | D:3      | Found a broken altar of Ashenzari.
  2954 | D:3      | Reached XP level 5. HP: 38/39 MP: 0/0
  2954 | D:3      | Learned a level 2 spell: Slow
  3056 | D:3      | Became a worshipper of Ashenzari the Shackled
  3421 | D:3      | Found a bloodstained altar of Trog.
  3461 | D:3      | Found Voivuar's General Store.
  3466 | D:3      | Bought a scroll of enchant armour for 82 gold pieces
  3697 | D:3      | Found a hazy altar of Hepliaklqana.
  3698 | D:3      | Found a white marble altar of Elyvilon.
  3948 | D:4      | Identified the -5 pair of boots of Loss {-Cast rPois SInv}
  3972 | D:4      | Noticed a lemure
  3973 | D:4      | Noticed Pikel
  3973 | D:4      | Noticed a lemure
  3973 | D:4      | Noticed a lemure
  3974 | D:4      | Noticed a lemure
  4010 | D:3      | Killed a lemure
  4305 | D:3      | Killed a lemure
  4481 | D:3      | Killed a lemure
  4596 | D:4      | Killed Pikel
  4597 | D:4      | Reached skill level 4 in Fighting
  4597 | D:4      | Reached XP level 6. HP: 5/48 MP: 0/0
  4597 | D:4      | Reached XP level 7. HP: 6/53 MP: 0/0
  4597 | D:4      | Learned a level 2 spell: Searing Ray
  5116 | D:4      | Reached XP level 8. HP: 29/58 MP: 0/0
  5545 | D:4      | Found a stormy altar of Qazlal.
  6200 | D:4      | Reached skill level 5 in Fighting
  6201 | D:4      | Reached * piety under Ashenzari
  6371 | D:5      | Entered Level 5 of the Dungeon
  6559 | D:5      | Found a hide-covered altar of Uskayaw.
  6593 | D:5      | Found Omirghimo's Book Shoppe.
  6672 | D:5      | Found a staircase to the Ecumenical Temple.
  7924 | D:6      | Reached skill level 5 in Spellcasting
  7924 | D:6      | Reached XP level 9. HP: 37/68 MP: 0/0
  7924 | D:6      | Learned a level 4 spell: Fulminant Prism
  8076 | D:6      | Identified the ring "Ohonatit" {Wiz Will+ Int+8 Dex-5 SInv}
  8589 | D:6      | Reached skill level 6 in Fighting
  9173 | D:7      | Noticed an unseen horror
  9189 | D:7      | Killed an unseen horror
  9400 | D:7      | Noticed Joseph
  9403 | D:7      | Found a flagged portal.
  9430 | Bailey   | Entered a bailey
  9606 | Bailey   | Reached skill level 7 in Fighting
  9732 | Bailey   | HP: 2/71 [orc warrior/bolt (9)]
  9871 | Bailey   | Shot with a bolt by an orc warrior

Illustrated notes

Levels and vault maps discovered:
D:1:      dpeg_arrival_tiny_a, layout_basic, serial_forest,
          infiniplex_forest_corner_1, infiniplex_forest_end_2,
          infiniplex_forest_clump_tiny, infiniplex_forest_straight_3,
          infiniplex_forest_lined_2, infiniplex_forest_diagonal,
          infiniplex_forest_lined_2, infiniplex_forest_clump_tiny,
          minmay_pentomino_s4
D:2:      layout_basic, hellmonk_ecumenical_altar_blasted
D:3:      layout_loops_ring, nicolae_overflow_crystal_walls,
          mainiacjoe_overflow_alcove_2, gammafunk_temple_overflow_statue,
          serial_shops, shop, minmay_between
D:4:      layout_loops_ring, mainiacjoe_overflow_alcove_4, uniq_pikel
D:5:      layout_gridville, nicolae_uskayaw_dance_hall,
          minmay_temple_entry_ruins, serial_shops, nicolae_square_shop
D:6:      layout_loops_ring, st_stairs_14
D:7:      layout_rooms, mainiacjoe_overflow_brackets, enter_bailey_4,
          uniq_joseph
Bailey:   bailey_polearm_2, bailey

Skill      XL: |  1  2  3  4  5  6  7  8  9 |
---------------+----------------------------+-----
Fighting       | 1 2 4 5 7 |  7.0
Short Blades   | 1 3 4 |  4.0
Spellcasting   | 3 4 5 |  5.9
Evocations     | 2 3 |  3.0
Stealth        | 2 4 |  4.2
Dodging        | |  2.5

Action                   |  1- 3 |  4- 6 |  7- 9 || total
-------------------------+-------+-------+-------++-------
Melee: Dagger            |    52 |    62 |   141 ||   255
 Cast: Foxfire           |    32 |    38 |    65 ||   135
       Sticky Flame      |       |     7 |    17 ||    24
       Slow              |       |       |     1 ||     1
       Searing Ray       |       |       |     3 ||     3
       Fireball          |       |       |     1 ||     1
       Fulminant Prism   |       |       |     1 ||     1
Invok: Curse Item        |       |     1 |     1 ||     2
Evoke: Wand              |       |       |     3 ||     3
  Use: Scroll            |       |       |     1 ||     1
 Stab: Sleeping          |     2 |     4 |     5 ||    11
       Distracted        |       |       |     1 ||     1
Armor: Robe              |    10 |    13 |    19 ||    42
Dodge: Dodged            |    34 |    52 |    96 ||   182
